[Event "Late-Titled-Tuesday-Blitz-March-26-2024"]
[Site "Chess.com"]
[Date "2024.03.26"]
[Round "9"]
[White "GarciaIsaac"]
[Black "VD_coach"]
[Result "1-0"]
[WhiteElo "2643"]
[BlackElo "2502"]
[TimeControl "180+1"]
[EndTime "15:45:32 PDT"]
[Termination "GarciaIsaac won on time"]

1. d4 Nf6 2. Bg5 Ne4 3. Bf4 c5 4.
f3 Qa5+ 5. c3 Nf6 6. d5 d6 7. e4 g6 8. Na3 Bg7 9. Nc4 Qd8 10. a4 O-O 11. Qd2 b6 12. Ne2 Ba6 13. Ng3 Qc8 14. h4 h5 15. Bh6 Nbd7 16. Qg5 Nh7 17.
Qf4 Bxc4 18. Bxg7 Bxf1 19. Bxf8 Bxg2 20. Rg1 Ne5 21. Kd2 Nxf3+ 22. Kc2 Nxf8 23. Rxg2 Qg4 24.
Qxg4 hxg4 25. Nf1 Ne5 26. Ne3 Kg7 27. Nxg4 Nfd7 28. Rh1 Rh8 29. h5 Nxg4 30. Rxg4 Nf6 31. h6+ Rxh6 32. Rxh6 Kxh6 33. Rf4 Kg5 34. Rf1 Kg4 35.
Kd3 g5 36. Ke3 Kh5 37. Rh1+ Kg6 38. Rg1 g4 39. Kf4 e5+ 40. dxe6 fxe6 41. e5 dxe5+ 42.
Kxe5 Kg5 43. Kxe6 Ne4 44. Kd5 Nd2 45. Kc6 Kf4 46. Kb7 Nf3 47. Ra1 g3 48. Kxa7 g2 49. Kxb6 Kg3 50. a5 Kf2 51. Rd1 Ke2 52. Rc1 Nd2 53.
Rg1 Nc4+ 54. Kxc5 1-0

[Event "Late-Titled-Tuesday-Blitz-March-26-2024"]
[Site "Chess.com"]
[Date "2024.03.26"]
[Round "9"]
[White "ernestina08chess"]
[Black "Bala-Afiada"]
[Result "1-0"]
[WhiteElo "2243"]
[BlackElo "1871"]
[TimeControl "180+1"]
[EndTime "15:45:32 PDT"]
[Termination "ernestina08chess won by resignation"]

1. e4 c5 2. Nf3 Nc6 3. d4 cxd4 4. Nxd4 Nf6 5. Nc3 d6 6. Bb5 Bd7 7. O-O Qb6 8. Nxc6 bxc6 9. Bd3 e5 10. Ne2 Be7 11.
c4 O-O 12. Nc3 Be6 13. b3 Rfd8 14. Be3 Qb7 15. Qc2 h6 16. h3 d5 17. exd5 cxd5 18. cxd5 Nxd5 19. Nxd5 Bxd5 20. f3 Rac8 21. Qe2 Bc5 22.
Bxc5 Rxc5 23. Rac1 Qb6 24. Kh1 Be6 25. Bc4 Bxc4 26.
Rxc4 Rcd5 27. Rc2 Qd6 28. Rfc1 f6 29. Qc4 Kh7 30. Qc6 Rd1+ 31. Kh2 Rxc1 32. Rxc1 Qxc6 33. Rxc6 Rd2 34. Ra6 Rd7 35. b4 Rb7 36. a3 Kg6 37. Kg3 Kf5 38. Kf2 Kf4 39. g3+ Kf5 40. Ke3 g5 41. g4+ Kg6 42. Ke4 Rc7 43. b5 Rb7 44. a4 Kg7 45. Kd5 Kf7 46. Kc6 Re7 47. a5 Kg6 48. b6 axb6 49. axb6 Re6+ 50. Kd7 Kf7 51. b7 Re7+ 52. Kc8 Re8+ 53. Kc7 Re7+ 54. Kb6 Re6+ 55. Ka7 Re7 56. Ka8 Rxb7 57. Kxb7 Kg6 58. Kc6 h5 59.
Kd5 hxg4 60. hxg4 Kf7 61. Ke4 Ke7 62. Kf5 1-0

[Event "Late-Titled-Tuesday-Blitz-March-26-2024"]
[Site "Chess.com"]
[Date "2024.03.26"]
[Round "9"]
[White "ViIIagra"]
[Black "Msb2"]
[Result "1-0"]
[WhiteElo "2903"]
[BlackElo "3014"]
[TimeControl "180+1"]
[EndTime "15:45:34 PDT"]
[Termination "ViIIagra won by checkmate"]

1. g3 d5 2. Bg2 Nf6 3. d3 e5 4. Nf3 Bd6 5. O-O O-O 6. c4 c6 7. cxd5 cxd5 8. Nc3 h6 9. Nb5 Nc6 10. Nxd6 Qxd6 11. d4 e4 12. Ne5 Bf5 13. Bf4 Qe6 14.
Nxc6 bxc6 15. Rc1 Bh3 16. Rxc6 Qxc6 17. Bxh3 Nh5 18. Bd2 f5 19. e3 Qg6 20. Bb4 Rfb8 21. Qd2 Nf6 22. Bc5 Ng4 23. b4 Qh5 24. Bxg4 Qxg4 25. Qd1 a5 26. Qb3 axb4 27. Qxd5+ Kh8 28. Bxb4 Rd8 29. Qe5 Re8 30. Qd5 Rad8 31. Qf7 f4 32. Qxf4 Qe6 33. a3 Rd5 34. Rc1 Rf5 35. Qc7 Qf6 36.
Qc6 Qf7 37. Rc2 Re6 38. Qc8+ Kh7 39. Qc4 Qe8 40. d5 Ref6 41. d6 Rh5 42. Rd2 Qd7 43. Qf1 Rhf5 44. Qc4 Re5 45. Qc7 Qh3 46. d7 Rh5 47. f4 exf3 48. Qc2+ Rg6 49. d8=Q Qe6 50.
Qcd3 f2+ 51. Rxf2 Re5 52. Qf8 Rxe3 53. Qdd8 Re1+ 54. Kg2 Qe4+ 55. Qf3 Qb1 56. Qfa8 Rg1+ 57. Kh3 Rf6 58. Qg8+ Kg6 59. Rxf6+ Kxf6 60. Qf3+ Kg6 61. Qff7+ Kg5 62. Qgxg7+ Qg6 63. Qgxg6# 1-0

[Event "Late-Titled-Tuesday-Blitz-March-26-2024"]
[Site "Chess.com"]
[Date "2024.03.26"]
[Round "9"]
[White "GHANDEEVAM2003"]
[Black "sergoy"]
[Result "1-0"]
[WhiteElo "3051"]
[BlackElo "2924"]
[TimeControl "180+1"]
[EndTime "15:45:35 PDT"]
[Termination "GHANDEEVAM2003 won on time"]

1. c4 e5 2. Nf3 e4 3. Nd4 Nc6 4.
Nxc6 dxc6 5. Nc3 Nf6 6. g3 Bc5 7. Bg2 Qe7 8. a3 h5 9. h3 Be6 10. Qc2 Bf5 11. e3 O-O-O 12. b4 Bd6 13. Bb2 Qe6 14.
Ne2 c5 15. Rb1 Kb8 16. bxc5 Bxc5 17. Nd4 Bxd4 18. Bxd4 Nd7 19. Bxg7 Rhg8 20. Bd4 c5 21. Ba1 Ne5 22. Bxe5+ Qxe5 23. Qb2 Qxb2 24. Rxb2 Rd3 25. Ra2 Rgd8 26. Ke2 Rb3 27. Rha1 a5 28. Kd1 a4 29.
Kc1 Be6 30. Bxe4 Bxc4 31. Rc2 b5 32. Bf3 Rh8 33. h4 Kc7 34. Rb2 Rxb2 35. Kxb2 Kb6 36. Kc2 f6 37. d3 Bf7 38. Rb1 Ka5 39. Kb2 b4 40. Rc1 Rc8 41. g4 hxg4 42. Bxg4 Rc7 43. h5 c4 44. dxc4 Rb7 45. h6 bxa3+ 46. Kxa3 Bg6 47.
Bd1 Rh7 48. Bxa4 Rxh6 49. Bc2 Bf7 50. Bb3 Rh2 51. Rc2 Rh1 52. Rd2 Rb1 53. Ba2 Kb6 54. Bxb1 1-0

[Event "Late-Titled-Tuesday-Blitz-March-26-2024"]
[Site "Chess.com"]
[Date "2024.03.26"]
[Round "9"]
[White "elcala"]
[Black "frequentblunders"]
[Result "0-1"]
[WhiteElo "1800"]
[BlackElo "2209"]
[TimeControl "180+1"]
[EndTime "15:45:43 PDT"]
[Termination "frequentblunders won by resignation"]

1. d4 e6 2. Nf3 c6 3. Bf4 d5 4. e3 f5 5. Nbd2 Nf6 6. Bd3 Nbd7 7.
Ne5 Nxe5 8. Bxe5 Ne4 9. Nxe4 fxe4 10. Be2 Qg5 11. Bh5+ Kd7 12. Qg4 Qxg4 13. Bxg4 Rg8 14. Rc1 b5 15. O-O Bd6 16. Bxd6 Kxd6 17. b3 e5 18.
dxe5+ Kxe5 19. Bxc8 Raxc8 20. Rfd1 c5 21. c3 Rgd8 22. Rd2 c4 23. b4 a5 24. Rb1 a4 25. a3 Rc6 26. Rbd1 g5 27. h3 h5 28. Kh2 Rf6 29. Kg1 h4 30. Kh2 Rf5 31. Kg1 Ke6 32. Rf1 Rdf8 33. Kh2 Ke5 34. Rfd1 Ke6 35.
Rf1 Rg8 36. f3 Rgf8 37. Rdf2 Ke5 38. Kg1 R5f7 39. fxe4 Rxf2 40. Rxf2 Rxf2 41. Kxf2 Kxe4 42. Ke2 Ke5 43. Kf3 Kf5 44. g4+ hxg3 45. Kxg3 Ke4 46. Kg4 Kxe3 47. Kxg5 Kd3 48. h4 Kxc3 49. h5 d4 50. h6 d3 51. h7 d2 52. h8=Q+ Kc2 53. Qh7+ Kc1 54. Qg7 d1=Q 55. Kg6 Qg1+ 56. Kf6 Qxg7+ 57.
Kxg7 c3 0-1

[Event "Late-Titled-Tuesday-Blitz-March-26-2024"]
[Site "Chess.com"]
[Date "2024.03.26"]
[Round "9"]
[White "Zhigalko_Sergei"]
[Black "Byniolus"]
[Result "0-1"]
[WhiteElo "2878"]
[BlackElo "2751"]
[TimeControl "180+1"]
[EndTime "15:45:47 PDT"]
[Termination "Byniolus won on time"]

1. e4 d5 2. exd5 Nf6 3. d4 Nxd5 4. c4 Nb6 5. Nf3 Bg4 6. c5 N6d7 7. Qb3 Bxf3 8. Qxf3 Nc6 9. Bc4 e6 10. Be3 Qf6 11.
Qe4 Qg6 12. Nc3 Qxe4 13. Nxe4 Nb4 14. O-O-O c6 15. a3 Nd5 16. Bxd5 exd5 17. Nc3 Be7 18. b4 a6 19. Kc2 Nf8 20. a4 Ne6 21. b5 axb5 22.
axb5 Kd7 23. Ra1 f5 24. g3 g5 25. f4 gxf4 26. gxf4 Bf6 27. Kd3 Rhg8 28. Rhb1 Kc7 29. Rxa8 Rxa8 30. b6+ Kd7 31. Rg1 Ra3 32. Rg8 Nxc5+ 33.
dxc5 Rxc3+ 34. Kd2 d4 35. Bf2 Rxc5 36. Rf8 Ke6 37.
Rb8 Rb5 38. Rxb7 c5 39. Kd3 Kd5 40. Rd7+ Kc6 41. Rf7 Rb3+ 42. Kc2 Rc3+ 43. Kb2 Bd8 44. b7 Bc7 45. Rxh7 Rd3 46. Kc2 Rc3+ 47. Kb2 Kxb7 48. Be1 Rf3 49. Ba5 Kc6 50. Bxc7 c4 51. Be5 Rf2+ 52. Kc1 d3 53. Rc7+ Kd5 54. Rd7+ Ke4 55. Rd4+ Ke3 56. Rxc4 Rf1+ 57. Kb2 d2 58. Rd4 d1=Q 59.
Rxd1 Rxd1 60. h4 Rh1 61. Kc3 Rxh4 0-1

[Event "Late-Titled-Tuesday-Blitz-March-26-2024"]
[Site "Chess.com"]
[Date "2024.03.26"]
[Round "9"]
[White "dealshark"]
[Black "subham777"]
[Result "0-1"]
[WhiteElo "2298"]
[BlackElo "2548"]
[TimeControl "180+1"]
[EndTime "15:45:47 PDT"]
[Termination "subham777 won by resignation"]

1. e4 e6 2. d4 d5 3. Nc3 Nf6 4. Bd3 c5 5. Nf3 Nc6 6. exd5 Nxd5 7. Nxd5 Qxd5 8. dxc5 Bxc5 9. O-O O-O 10. a3 Qh5 11. b4 Bb6 12. Bb2 a6 13. Qe2 Bd7 14. c4 Bc7 15.
Rad1 Rad8 16. Rfe1 Rfe8 17. Be4 f5 18. Bc2 e5 19. h3 e4 20. Nd4 Qxe2 21. Rxe2 Nxd4 22.
Bxd4 Bc6 23. c5 Bb5 24. Red2 f4 25. Re1 Be5 26. Rxe4 Bxd4 27. Rexd4 Rxd4 28. Rxd4 g5 29. Re4 Rd8 30. Re7 h5 31. Re5 Rd2 32. Bb3+ Kg7 33. Rxg5+ Kh6 34. Rd5 Rb2 35. Rd6+ Kg5 36. Bd5 Rb1+ 37. Kh2 Rb2 38. Bxb7 Rxf2 39. Rd5+ Kf6 40.
c6 Rc2 41. Rc5 Ra2 42. c7 Bd7 43. c8=Q Bxc8 44. Bxc8 Rxa3 45. Ra5 Rb3 46. Ra4 Rb2 47. Rxa6+ Ke5 48. Ra5+ Kd4 49. Bb7 Rxb4 50. Rxh5 Rxb7 51. Rf5 Ke4 52. Rf8 Rg7 53. h4 Ke3 54. Kh3 Rg3+ 55.
Kh2 Rg4 56. Rh8 Kf2 57. h5 Rxg2+ 58. Kh3 Rg3+ 59. Kh4 f3 60. h6 Kg2 61. h7 f2 62.
Rf8 Rh3+ 63. Kg4 Rxh7 64. Ra8 f1=Q 65. Ra2+ Kg1 0-1

[Event "Late-Titled-Tuesday-Blitz-March-26-2024"]
[Site "Chess.com"]
[Date "2024.03.26"]
[Round "9"]
[White "alexrustemov"]
[Black "ProfessorChess101"]
[Result "0-1"]
[WhiteElo "2906"]
[BlackElo "2787"]
[TimeControl "180+1"]
[EndTime "15:45:52 PDT"]
[Termination "ProfessorChess101 won by resignation"]

1. d4 d5 2. c4 e6 3. Nc3 Nf6 4. Nf3 dxc4 5. e3 a6 6. a4 c5 7.
Bxc4 Nc6 8. O-O Be7 9. dxc5 Qxd1 10. Rxd1 Bxc5 11. b3 b6 12. Nd2 Ne5 13. Be2 Bb7 14.
Bb2 Ned7 15. Rac1 Ke7 16. Kf1 Rac8 17. Bf3 Bxf3 18. Nxf3 Rhd8 19. Ke2 Bb4 20. Na2 Bd6 21. Nd4 Nb8 22. h3 Ne4 23. b4 f6 24. f3 Ng5 25.
b5 axb5 26. Nxb5 Bc5 27. Rxd8 Kxd8 28. e4 Nf7 29. Rc2 Nc6 30. Nc1 Ra8 31. Nd3 Rxa4 32. Nxc5 bxc5 33. Rxc5 Kd7 34. Rc2 Rb4 35. Rd2+ Kc8 36.
Nc3 Nfe5 37. Bc1 Rb3 38. Nd1 Nc4 39. Ra2 Kd7 40. Ne3 Nd4+ 41. Kf2 Ne5 42. Bd2 Nd3+ 43. Kg1 Rb1+ 44. Kh2 Ne5 45. Ra7+ Ke8 46. Rxg7 Nexf3+ 47. gxf3 Nxf3+ 48. Kg3 Nxd2 49. Rxh7 Nxe4+ 50. Kf3 Ng5+ 51. Kg4 Nxh7 52. Kh5 Kf7 53. h4 Rh1 54. Ng4 Ng5 55. Nh6+ Ke7 56. Kg6 Rxh4 57. Ng8+ Kd6 58. Nxf6 Ne4 59.
Ne8+ Ke7 60. Ng7 Rg4+ 61. Kh6 Rxg7 62. Kxg7 Nf6 63. Kg6 e5 64. Kf5 e4 65. Kf4 Ke6 66. Ke3 Ke5 0-1

[Event "Late-Titled-Tuesday-Blitz-March-26-2024"]
[Site "Chess.com"]
[Date "2024.03.26"]
[Round "9"]
[White "DanielDardha2005"]
[Black "PepeCuenca"]
[Result "0-1"]
[WhiteElo "2862"]
[BlackElo "2751"]
[TimeControl "180+1"]
[EndTime "15:45:52 PDT"]
[Termination "PepeCuenca won by resignation"]

1. d4 Nf6 2. Bg5 d5 3. e3 Ne4 4. Bf4 c5 5. Nd2 Nxd2 6. Qxd2 cxd4 7. exd4 Nc6 8. Nf3 a6 9. h4 Bf5 10. Ne5 Rc8 11. c3 e6 12. h5 h6 13. Nxc6 Rxc6 14. Bd3 Bxd3 15. Qxd3 Bd6 16. Bxd6 Qxd6 17. a4 O-O 18.
O-O Qf4 19. a5 Qg4 20. Qd1 Qxd1 21. Rfxd1 Rfc8 22. Ra3 R8c7 23. Rb3 Rc4 24. Ra1 Kf8 25.
f4 Ke7 26. Kf2 Kf6 27. Kf3 g6 28. hxg6 Kxg6 29. Rba3 h5 30. Re1 R4c6 31. Re5 f5 32. Rb3 Kf6 33. Re1 Rh7 34. Kg3 h4+ 35. Kh3 Rd6 36.
Re2 Rg7 37. Rb6 Rxb6 38. axb6 Rg4 39. Rf2 Ke7 40. b3 Rg3+ 41. Kxh4 Rxc3 42. Rb2 Rc6 43. g4 fxg4 44. Kxg4 Rxb6 45. f5 exf5+ 46. Kxf5 Kd6 47.
Rh2 Rxb3 48. Rh6+ Kc7 49. Ke5 Rb5 50. Rh7+ Kb6 51. Kd6 a5 52. Kd7 a4 53. Kc8 Ka5 54.
Rh3 Kb4 55. Kc7 a3 56. Kd6 a2 57. Rh1 Kb3 58. Rh3+ Ka4 59. Rh8 Ra5 60. Rh1 Kb3 61.
Rh3+ Kc4 62. Rh7 a1=Q 63. Rc7+ Kd3 64. Kd7 Qxd4 65. Kc8 Rc5 66. Kb8 Rxc7 67. Ka8 Qc5 68. Kb8 b5 0-1

[Event "Late-Titled-Tuesday-Blitz-March-26-2024"]
[Site "Chess.com"]
[Date "2024.03.26"]
[Round "9"]
[White "Stanbad1"]
[Black "Heydarli77"]
[Result "1-0"]
[WhiteElo "2638"]
[BlackElo "2462"]
[TimeControl "180+1"]
[EndTime "15:46:37 PDT"]
[Termination "Stanbad1 won by resignation"]

1. d4 d5 2. c4 dxc4 3. Nf3 Nf6 4. e3 e6 5. Bxc4 c5 6. O-O Nc6 7. Nc3 a6 8. dxc5 Qxd1 9. Rxd1 Bxc5 10. a3 b5 11. Be2 Bb7 12. b4 Be7 13. Bb2 O-O 14.
Rac1 Rfd8 15. Bd3 Kf8 16. Kf1 h6 17. h3 Rd7 18. Ke2 Rad8 19. Bc2 Rxd1 20. Rxd1 Rxd1 21. Bxd1 Bd6 22. Bb3 Ke7 23. Nb1 a5 24. bxa5 Nxa5 25. Bc2 Nc4 26. Bc1 Be4 27. Bxe4 Nxe4 28. Nd4 Na5 29.
Nxb5 Nb3 30. Bb2 f6 31. Nxd6 Kxd6 32. Nc3 Nec5 33. Nb5+ Kd5 34. Nd4 Na5 35. Bc3 Nc4 36.
Bb4 Ne4 37. Bf8 g5 38. a4 h5 39. Bb4 e5 40. Nf5 Ke6 41. Ng7+ Kd5 42. Nxh5 Nb2 43. a5 f5 44. f3 Nc5 45. Ng3 Ncd3 46. Bd2 f4 47. Ne4 fxe3 48. Bxe3 Nf4+ 49. Kf1 Nc4 50. Bb6 Kc6 51. Nxg5 Nxb6 52. axb6 Kxb6 53. Nf7 Ng6 54. Kf2 Kc6 55. Ke3 Kd5 56. Ng5 Nf4 57. Kf2 Nd3+ 58. Kg3 Nf4 59. Ne4 Ke6 60. h4 Kf5 61.
Kf2 Nd3+ 62. Ke3 Nf4 63. g4+ Ke6 64. h5 Nd5+ 65. Kf2 Nf4 66. Kg3 Ne2+ 67. Kh4 Nd4 68. Kg3 Ne2+ 69. Kf2 Nf4 70. Ng3 Nd3+ 71. Ke3 Nf4 72.
Ke4 Nd5 73. g5 Nc3+ 74. Kd3 Nd5 75. h6 Ne7 76. Ke4 Nc8 77. f4 Nd6+ 78. Kf3 exf4 79.
Kxf4 Kf7 80. Ke5 Nc4+ 81. Kf5 Ne3+ 82. Ke4 Ng4 83. Kf4 Nf2 84. Ne4 Nd3+ 85. Kf5 Nb4 86. g6+ Kf8 87. Ng5 Nd5 88. h7 Ne7+ 89. Kf6 Nd5+ 90. Ke5 Ne7 91. h8=Q+ Ng8 92. Nh7+ 1-0

[Event "Late-Titled-Tuesday-Blitz-March-26-2024"]
[Site "Chess.com"]
[Date "2024.03.26"]
[Round "9"]
[White "janhelmer03"]
[Black "ozates"]
[Result "1/2-1/2"]
[WhiteElo "2423"]
[BlackElo "2568"]
[TimeControl "180+1"]
[EndTime "15:46:54 PDT"]
[Termination "Game drawn - insufficient material"]

1. Nf3 c5 2. b3 d6 3. Bb2 e5 4. e4 Nc6 5. Bc4 g5 6. O-O g4 7. Ne1 Nge7 8. c3 Ng6 9. d4 exd4 10. cxd4 Bg7 11. e5 O-O 12. Nd2 cxd4 13. exd6 Qxd6 14. Ne4 Qe5 15. Ng3 h5 16. Nd3 Qa5 17. Ne4 Bf5 18.
Nd6 Bxd3 19. Qxd3 Nce5 20. Qf5 Nxc4 21. bxc4 Qb6 22. Ba3 Rad8 23. Rab1 Qa6 24. Nb5 Qe6 25. Qxe6 fxe6 26. Bxf8 Bxf8 27. Nxa7 e5 28. Rxb7 d3 29. Nc6 Rc8 30. Nb4 e4 31. Nd5 Bg7 32. Rb6 Rxc4 33. Rxg6 d2 34. Rd6 Rc2 35. Ne3 Rxa2 36. Rd1 Bc3 37. Rd7 Kf8 38. Kf1 Ke8 39. Rd5 h4 40. Ke2 g3 41. fxg3 hxg3 42. h4 Kf8 43. h5 Kg8 44. Rd7 Kh8 45. h6 Ra6 46. h7 Rf6 47.
Rf1 d1=Q+ 48. Rdxd1 Ra6 49. Rf7 Ra2+ 50. Kf1 Bd2 51. Rb1 Ra8 52. Ke2 Bc3 53. Nd5 Bd4 54.
Nf6 Ra2+ 55. Kd1 Ra8 56. Nxe4 Rd8 57. Ke2 Bg7 58. Kf3 Rd3+ 59. Kg4 Rd8 60. Rxg7 Kxg7 61. Rb7+ Kh8 62. Ng5 Rf8 63. Nf7+ Rxf7 64. Rb8+ Kxh7 65. Kxg3 Kg7 66. Kh3 Rf1 67. g4 Rh1+ 68. Kg3 Rc1 69. Kf4 Rc3 70. Kg5 Rc1 71. Rb7+ Kg8 72. Kh5 Rd1 73. Kg5 Rc1 74. Kf5 Rd1 75. Ra7 Rc1 76. Kg5 Rd1 77. Kh6 Rh1+ 78. Kg6 Kf8 79. Ra8+ Ke7 80. g5 Rg1 81. Rb8 Rg2 82. Kh6 Kf7 83. Rb7+ Kg8 84. Kg6 Kf8 85. Rb8+ Ke7 86.
Kh6 Kf7 87. Rb7+ Kg8 88. Kg6 Kf8 89. Rf7+ Kg8 90. Rg7+ Kf8 91. Rh7 Ra2 92. Rh8+ Ke7 93. Kg7 Rg2 94. g6 Rg1 95. Rf8 Rxg6+ 96. Kxg6 Kxf8 1/2-1/2

[Event "Late-Titled-Tuesday-Blitz-March-26-2024"]
[Site "Chess.com"]
[Date "2024.03.26"]
[Round "10"]
[White "xakevicius91"]
[Black "GarciaIsaac"]
[Result "0-1"]
[WhiteElo "2535"]
[BlackElo "2649"]
[TimeControl "180+1"]
[EndTime "15:49:30 PDT"]
[Termination "GarciaIsaac won by resignation"]

1. e4 g6 2. d4 Bg7 3. Nc3 d5 4.
exd5 Nf6 5. Bc4 Nbd7 6. Bb3 a5 7.
a4 Nb6 8. Nge2 Nbxd5 9. Nxd5 Nxd5 10. O-O O-O 11. c4 Nb4 12. Bd2 c5 13. Bxb4 axb4 14. dxc5 Bxb2 15. Rb1 Bg7 16. Nf4 Qc7 17. Qe2 Qxf4 0-1

[Event "Late-Titled-Tuesday-Blitz-March-26-2024"]
[Site "Chess.com"]
[Date "2024.03.26"]
[Round "10"]
[White "Shiner22"]
[Black "gxbg2000"]
[Result "1-0"]
[WhiteElo "2330"]
[BlackElo "2036"]
[TimeControl "180+1"]
[EndTime "15:49:52 PDT"]
[Termination "Shiner22 won by resignation"]

1. e4 e5 2. Nf3 Nc6 3. Bc4 d6 4. d4 exd4 5. Nxd4 Nf6 6. O-O Be7 7. Nc3 O-O 8. Bf4 Nxd4 9. Qxd4 Be6 10. Bxe6 fxe6 11.
e5 dxe5 12. Qxe5 Re8 13. Qxe6+ Kh8 14. Rad1 Bd6 15. Qb3 Ne4 16. Nxe4 Rxe4 17. Bxd6 cxd6 18. Qxb7 Rb8 19. Qxe4 1-0

[Event "Late-Titled-Tuesday-Blitz-March-26-2024"]
[Site "Chess.com"]
[Date "2024.03.26"]
[Round "10"]
[White "nabukatnezarr"]
[Black "publicaccountcze"]
[Result "1-0"]
[WhiteElo "2615"]
[BlackElo "2297"]
[TimeControl "180+1"]
[EndTime "15:49:57 PDT"]
[Termination "nabukatnezarr won by resignation"]

1. Nf3 Nf6 2. g3 g6 3. Bg2 Bg7 4. O-O O-O 5. c4 c6 6. b3 d6 7. Bb2 e5 8. d3 Re8 9. Nc3 e4 10.
Nxe4 Nxe4 11. Bxg7 Nxf2 12. Rxf2 Kxg7 13. Qd2 Nd7 14.
Ng5 Re7 15. Rxf7+ 1-0

[Event "Late-Titled-Tuesday-Blitz-March-26-2024"]
[Site "Chess.com"]
[Date "2024.03.26"]
[Round "10"]
[White "PNEPaul"]
[Black "Defenstrator"]
[Result "0-1"]
[WhiteElo "1941"]
[BlackElo "2431"]
[TimeControl "180+1"]
[EndTime "15:50:12 PDT"]
[Termination "Defenstrator won by resignation"]

1. e4 c5 2. Nf3 d6 3. d4 cxd4 4. c3 Nf6 5. Bd3 dxc3 6. Nxc3 Nc6 7. Bf4 g6 8. Qe2 Bg7 9. Rd1 Bg4 10. e5 dxe5 11.
Bxe5 Bxf3 12. gxf3 Nxe5 13. Qxe5 O-O 14. O-O Qc8 15. Qxe7 Qh3 16. Qe3 Nh5 17. Ne4 Be5 18. Ng3 Nf4 0-1

[Event "Late-Titled-Tuesday-Blitz-March-26-2024"]
[Site "Chess.com"]
[Date "2024.03.26"]
[Round "10"]
[White "prime-morty"]
[Black "GelmanAlexander"]
[Result "0-1"]
[WhiteElo "2564"]
[BlackElo "2680"]
[TimeControl "180+1"]
[EndTime "15:50:14 PDT"]
[Termination "GelmanAlexander won by resignation"]

1. c4 c5 2. Nc3 e6 3. Nf3 Nf6 4. e4 d6 5. d4 cxd4 6. Nxd4 b6 7. Bg5 Bb7 8. Qa4+ Nbd7 9. Rd1 a6 10. Be2 Be7 11. Bf3 Qc7 12. O-O O-O 13. Rfe1 h6 14.
Bh4 Rfe8 15. Bg3 Rac8 16. b3 Red8 17. Rc1 Nc5 18. Qa3 Nd3 19. Red1 Nxc1 20. Rxc1 Qc5 21. Nc2 Qxa3 22. Nxa3 d5 0-1

[Event "Late-Titled-Tuesday-Blitz-March-26-2024"]
[Site "Chess.com"]
[Date "2024.03.26"]
[Round "10"]
[White "Kavyev_Ruslan"]
[Black "rdarruda"]
[Result "1/2-1/2"]
[WhiteElo "2403"]
[BlackElo "2513"]
[TimeControl "180+1"]
[EndTime "15:50:32 PDT"]
[Termination "Game drawn by repetition"]

1. d4 Nf6 2. Nf3 e6 3. c4 d5 4. g3 Nbd7 5. Bg2 Be7 6. O-O O-O 7. Nc3 b6 8. cxd5 exd5 9. Bf4 Bb7 10. Ne5 c6 11. e4 Nxe4 12. Nxe4 dxe4 13. Bxe4 Nxe5 14.
Bxe5 Qd7 15. Qh5 g6 16. Qh6 f6 17. Bxg6 hxg6 18. Qxg6+ Kh8 19. Qh6+ Kg8 20. Qg6+ Kh8 21. Qh6+ Kg8 22. Qg6+ 1/2-1/2

[Event "Late-Titled-Tuesday-Blitz-March-26-2024"]
[Site "Chess.com"]
[Date "2024.03.26"]
[Round "10"]
[White "LeoWin2012"]
[Black "DACF2905"]
[Result "0-1"]
[WhiteElo "2292"]
[BlackElo "2414"]
[TimeControl "180+1"]
[EndTime "15:50:39 PDT"]
[Termination "DACF2905 won by checkmate"]

1. e4 e5 2. Nf3 Nc6 3. Bc4 Be7 4. d4 exd4 5. Nxd4 Nf6 6. Nc3 O-O 7. Be3 Bb4 8. f3 d5 9. Nxc6 bxc6 10. exd5 cxd5 11. Bb3 Re8 12. Kf2 Rxe3 13. Kxe3 Qe7+ 14. Kf2 Bc5+ 15.
Kf1 Ba6+ 16. Ne2 Re8 17. c4 dxc4 18. Ba4 Rd8 19. Qc2 c3 20. bxc3 Qe3 21. Qd3 Qf2# 0-1

[Event "Late-Titled-Tuesday-Blitz-March-26-2024"]
[Site "Chess.com"]
[Date "2024.03.26"]
[Round "10"]
[White "elchacal664"]
[Black "yujiarun18"]
[Result "1-0"]
[WhiteElo "2257"]
[BlackElo "2121"]
[TimeControl "180+1"]
[EndTime "15:50:48 PDT"]
[Termination "elchacal664 won by checkmate"]

1. e4 c5 2. Nc3 d6 3. Bc4 e6 4. d3 Be7 5. f4 Nf6 6. Nf3 O-O 7.
O-O d5 8. Bb3 Nc6 9. Qe1 b6 10.
e5 Ne8 11. f5 Kh8 12. f6 gxf6 13. exf6 Bxf6 14. Bh6 Rg8 15. Bf4 Ng7 16. Ne5 Bb7 17. Nxf7# 1-0

[Event "Late-Titled-Tuesday-Blitz-March-26-2024"]
[Site "Chess.com"]
[Date "2024.03.26"]
[Round "10"]
[White "CMmauricio"]
[Black "Koalaskakistis"]
[Result "0-1"]
[WhiteElo "2744"]
[BlackElo "2518"]
[TimeControl "180+1"]
[EndTime "15:50:50 PDT"]
[Termination "Koalaskakistis won by resignation"]

1. d4 f5 2. e3 Nf6 3. f4 e6 4.
Nf3 b6 5. Bd3 Bb7 6. O-O Be7 7.
Bd2 O-O 8. Be1 Ne4 9. Nbd2 d6 10. c3 Nd7 11. Qb3 Bd5 12. Bc4 c6 13. Bxd5 cxd5 14.
c4 dxc4 15. Nxc4 Ndf6 16. Bh4 Nd5 17. Bxe7 Qxe7 18. Ncd2 Nxd2 19. Nxd2 Rac8 20. Rac1 Qd7 21. h3 Rxc1 22. Rxc1 Rc8 23. Rxc8+ Qxc8 24. Nc4 Qc6 25. a4 a6 26. Kh2 b5 27. axb5 axb5 28. Nd2 h6 29.
Nf3 Kh7 30. Qd3 Qc1 0-1

[Event "Late-Titled-Tuesday-Blitz-March-26-2024"]
[Site "Chess.com"]
[Date "2024.03.26"]
[Round "10"]
[White "hellokostya"]
[Black "Mikhal867"]
[Result "0-1"]
[WhiteElo "2584"]
[BlackElo "2487"]
[TimeControl "180+1"]
[EndTime "15:50:50 PDT"]
[Termination "Mikhal867 won by checkmate"]

1. Nf3 c5 2. e4 Nc6 3. d4 cxd4 4.
Nxd4 Nf6 5. Nc3 e5 6. Ndb5 d6 7. Bg5 a6 8. Na3 b5 9. Nd5 Be7 10. Bxf6 Bxf6 11. c4 b4 12. Nc2 Rb8 13. Qf3 Bg5 14.
g3 O-O 15. h4 Bh6 16. Bh3 Be6 17. Rd1 Qa5 18. Qb3 Qc5 19. Qd3 Qa5 20. b3 Qxa2 21.
Bxe6 fxe6 22. Nc7 Nd4 23. Nxd4 Qxf2# 0-1

[Event "Late-Titled-Tuesday-Blitz-March-26-2024"]
[Site "Chess.com"]
[Date "2024.03.26"]
[Round "10"]
[White "Alex_Banzea"]
[Black "manitodeplomo"]
[Result "0-1"]
[WhiteElo "2536"]
[BlackElo "2651"]
[TimeControl "180+1"]
[EndTime "15:51:05 PDT"]
[Termination "manitodeplomo won by resignation"]

1. d4 g6 2. e4 Bg7 3. Nc3 c5 4. Nf3 Qa5 5. dxc5 Nf6 6. Bd3 Qxc5 7. Be3 Qa5 8. e5 Ng4 9. Bd4 Nc6 10. Bb5 O-O 11. Bxc6 dxc6 12. h3 c5 13. hxg4 Rd8 14. Qd2 cxd4 15. Ne2 Qxd2+ 16. Kxd2 Bxg4 17. Nexd4 Bxf3 0-1

[Event "Late-Titled-Tuesday-Blitz-March-26-2024"]
[Site "Chess.com"]
[Date "2024.03.26"]
[Round "10"]
[White "Supelyel"]
[Black "TemploVillamarin"]
[Result "1-0"]
[WhiteElo "2410"]
[BlackElo "2257"]
[TimeControl "180+1"]
[EndTime "15:51:10 PDT"]
[Termination "Supelyel won by resignation"]

1. c4 f5 2. g3 Nf6 3. Bg2 e5 4. Nc3 d6 5. d3 Nc6 6. Bg5 Be7 7. Bxf6 Bxf6 8. e3 O-O 9. Nge2 Qe8 10. Nd5 Bd8 11. Nec3 f4 12. gxf4 exf4 13. Qe2 fxe3 14.
Qxe3 Qh5 15. f4 Bh4+ 16. Kd2 Bd8 17. Bf3 Qf7 18. Nb6 Qxf4 19. Qxf4 Rxf4 20. Bd5+ Kh8 21. Nxa8 Bg5 22. Bxc6 bxc6 23. Kc2 1-0

[Event "Late-Titled-Tuesday-Blitz-March-26-2024"]
[Site "Chess.com"]
[Date "2024.03.26"]
[Round "10"]
[White "ValeriyGrinev"]
[Black "David_ATM"]
[Result "0-1"]
[WhiteElo "2573"]
[BlackElo "2388"]
[TimeControl "180+1"]
[EndTime "15:51:20 PDT"]
[Termination "David_ATM won by checkmate"]

1. e4 e5 2. Nf3 Nc6 3. Bb5 a6 4. Bxc6 dxc6 5. O-O Bg4 6. d3 Bb4 7. h3 Bxf3 8. Qxf3 Qf6 9. Qg3 Bd6 10. Be3 Qg6 11. Qf3 Qf6 12. Qe2 O-O-O 13. Nd2 Ne7 14. a3 g5 15. b4 h5 16. c4 Ng6 17. Rfb1 Nf4 18. Qf1 Be7 19. Bxf4 exf4 20. c5 g4 21. Nc4 gxh3 22. gxh3 Rhg8+ 23. Kh2 f3 24. Qc1 Rg2+ 25. Kh1 Qh4 26. Nd6+ Bxd6 27. Qf4 Qxh3+ 28. Qh2 Qxh2# 0-1

[Event "Late-Titled-Tuesday-Blitz-March-26-2024"]
[Site "Chess.com"]
[Date "2024.03.26"]
[Round "10"]
[White "misterlamine"]
[Black "Matrix3x3a"]
[Result "0-1"]
[WhiteElo "2474"]
[BlackElo "2606"]
[TimeControl "180+1"]
[EndTime "15:51:22 PDT"]
[Termination "Matrix3x3a won by resignation"]

1. d4 Nf6 2. Nf3 e6 3. e3 b6 4. Be2 Bb7 5. O-O Be7 6. Nbd2 O-O 7. b3 c5 8. Bb2 cxd4 9. exd4 d6 10. c4 Nbd7 11. Re1 Re8 12. Nf1 e5 13. dxe5 dxe5 14. Nxe5 Nxe5 15. Bxe5 Bb4 16. Qxd8 Raxd8 17. Bxf6 gxf6 18. Red1 Rxd1 19. Bxd1 Re1 20. a3 Bc5 21. b4 Bd4 22. Rb1 Be4 23. Rc1 f5 24. c5 bxc5 25. bxc5 Bc6 26. Rb1 Bxc5 27. Rb8+ Kg7 28. Bc2 Re2 29. Bd3 Rxf2 30. Ng3 Rb2+ 0-1